 Dungeon Crawl Stone Soup version 0.25-a0-292-gaa31f046c4 (webtiles) character file.

Game seed: 273233959264680567, levelgen mode: deterministic

95 floatRand the Insei (level 4, 0/35 HPs)
             Began as a Demonspawn Monk on Dec 15, 2019.
             Succumbed to an adder's poison
             ... on level 2 of the Dungeon.
             The game lasted 00:02:00 (1949 turns).

floatRand the Insei (Demonspawn Monk)               Turns: 1949, Time: 00:02:00

Health: 0/35       AC:  2    Str: 17    XL:     4   Next: 39%
Magic:  4/4        EV: 13    Int: 11    God:
Gold:   57         SH:  4    Dex: 16    Spells: 3/3 levels left

rFire    + . .     SeeInvis .     - Unarmed
rCold    + + .     Gourm    .   (no shield)
rNeg     . . .     Faith    .   a - +0 robe
rPois    +         Spirit   .   (no helmet)
rElec    +         Reflect  .   (no cloak)
rCorr    +         Harm     .   (no gloves)
MR       .....                  (no boots)
Stlth    ++........             (no amulet)
HPRegen  0.11/turn              (no ring)
MPRegen  0.09/turn              (no ring)

@: mighty, lethally poisoned (0 -> -8), resistant
A: claws 1, large bone plates 1, cold resistance 1
a: no special abilities


You were on level 2 of the Dungeon.
You were not hungry.

You visited 1 branch of the dungeon, and saw 2 of its levels.

You collected 57 gold pieces.

Inventory:

Armour
 a - a +0 robe (worn)
Jewellery
 h - an uncursed ring of resist corrosion {unknown}
Scrolls
 d - 2 scrolls of remove curse {unknown}
 g - 2 scrolls of identify {unknown}
Potions
 e - a potion of resistance
 i - a potion of cancellation {unknown}
 j - a potion of flight {unknown}
 k - a potion of ambrosia {unknown}
Comestibles
 b - 2 rations


   Skills:
 - Level 3.0 Fighting
 - Level 2.6 Dodging
 - Level 1.7 Stealth
 + Level 4.8 Unarmed Combat


You had 3 spell levels left.
You didn't know any spells.
Your spell library was empty.

Dungeon Overview and Level Annotations

Branches:
Dungeon (2/15)

Altars:


Innate Abilities, Weirdness & Mutations

You have sharp fingernails.
You are partially covered in large bone plates. (SH +4)
Your flesh is cold resistant. (rC+)


Message History

You claw the adder!
You kill the adder!
* * * LOW HITPOINT WARNING * * *
You feel sick.
You are too injured to fight recklessly!
Unknown command.
* * * LOW HITPOINT WARNING * * *
You feel sick.
You are too injured to fight recklessly!
* * * LOW HITPOINT WARNING * * *
You feel sick.
You see here a ring mail.
Unknown command.
It was a potion of resistance.
You feel protected.
* * * LOW HITPOINT WARNING * * *
You feel sick.
It was a potion of might.
You feel very mighty all of a sudden.
You die...

#.#.#..#..# .#
#.#..<.##.#b.#
#.##.#.........#
#.........#....#
#....$..########
#.##.#..# #.
#.##.# # ##.##.#
#.@...# #..####
#!.# #..# #...
##.# #.# ###


There were no monsters in sight!

Vanquished Creatures
  5 adders (D:2)
  A worm (D:1)
  2 dart slugs
  2 leopard geckos (D:2)
  3 giant cockroaches (D:1)
  2 goblins (D:1)
  A hobgoblin (D:2)
  6 jackals (D:1)
  2 kobolds (D:2)
  6 bats
  2 frilled lizards (D:1)
  7 rats
39 creatures vanquished.

Notes
Turn   | Place    | Note
-------+----------+-------------------------------------------
     0 | D:1      | floatRand the Demonspawn Monk began the quest for the Orb.
     0 | D:1      | Reached XP level 1. HP: 18/18 MP: 1/1
    24 | D:1      | Reached skill level 3 in Unarmed Combat
   365 | D:1      | Gained mutation: Your flesh is cold resistant. (rC+)
                  | [demonic ancestry]
   365 | D:1      | Reached XP level 2. HP: 24/24 MP: 2/2
   885 | D:1      | Gained mutation: You are partially covered in large bone
                  | plates. (SH +4) [demonic ancestry]
   885 | D:1      | Reached XP level 3. HP: 26/29 MP: 3/3
  1084 | D:2      | Reached skill level 4 in Unarmed Combat
  1730 | D:2      | Gained mutation: You have sharp fingernails. [demonic
                  | ancestry]
  1730 | D:2      | Reached XP level 4. HP: 27/35 MP: 4/4
  1948 | D:2      | HP: 1/35 [poisoned by an adder]
  1949 | D:2      | Succumbed to an adder's poison

Levels and vault maps discovered:
D:1:      evilmike_arrival_run_for_it, layout_basic,
          chequers_serial_rivers_small_b
D:2:      layout_basic, first_ration

Skill      XL: |  1  2  3 |
---------------+----------+-----
Unarmed Combat | 3 4 |  4.8
Fighting       | |  3.0
Dodging        | |  2.6
Stealth        | |  1.7

Action                   |  1- 3 |  4- 6 || total
-------------------------+-------+-------++-------
Melee: Unarmed           |   165 |    22 ||   187
       Punch             |     2 |       ||     2
  Use: Potion            |       |     2 ||     2
 Stab: Sleeping          |     5 |       ||     5
  Eat: Chunk             |     3 |       ||     3
Armor: Robe              |    35 |     5 ||    40
Dodge: Dodged            |   137 |     5 ||   142
Block: Other             |     8 |     7 ||    15

Table legend:
 A = Non-vault XP
 B = Vault XP
 C = Vault XP percentage of total XP
 D = Non-vault monster count
 E = Vault monster count
 F = Vault count percentage of total count
                 A         B        C        D         E       F
            +---------+---------+-------+---------+---------+-------
      Total |     130 |       6 |   4.4 |      38 |       1 |   2.6
            +---------+---------+-------+---------+---------+-------
        D:1 |      39 |       6 |  13.3 |      21 |       1 |   4.5
        D:2 |      91 |       0 |   0.0 |      17 |       0 |   0.0
            +---------+---------+-------+---------+---------+-------
